 Dungeon Crawl Stone Soup version 0.29-a0-542-g075992c915 (webtiles) character file.

Game seed: 17606439437583328925

88 oldriver the Skirmisher (level 4, -3/39 HPs)
             Began as a Palentonga Delver on June 4, 2022.
             Slain by an orc priest
             ... wielding a +0 flail
              (9 damage)
             ... on level 5 of the Dungeon.
             The game lasted 00:01:10 (747 turns).

oldriver the Skirmisher (Palentonga Delver)          Turns: 747, Time: 00:01:10

Health: -3/39      AC:  4    Str: 17    XL:     4   Next: 30%
Magic:  4/4        EV:  9    Int: 10    God:
Gold:   28         SH:  0    Dex: 12    Spells: 3/3 levels left

rFire   . . .      SeeInvis +   a - +0 hand axe
rCold   . . .      Faith    .   (no shield)
rNeg    . . .      Spirit   .   i - +0 leather armour
rPois   .          Reflect  .   (no helmet)
rElec   .          Harm     .   (no cloak)
rCorr   .          Rampage  .   (no gloves)
Will    .....                   (no barding)
Stlth   ++........              (no amulet)
HPRegen 0.13/turn               (no ring)
MPRegen 0.09/turn               (no ring)

@: no status effects
A: large, rugged brown scales 3, see invisible, deformed body, roll 1, armoured
tail
a: Rolling Charge


You were on level 5 of the Dungeon.
You visited 1 branch of the dungeon, and saw 1 of its levels.

You collected 28 gold pieces.

Inventory:

Hand Weapons
 a - a +0 hand axe (weapon)
 b - a +0 hunting sling
Armour
 i - a +0 leather armour (worn)
Wands
 g - a wand of digging (3)
 h - a wand of polymorph (3)
Scrolls
 c - a scroll of fog
 d - a scroll of magic mapping
 e - a scroll of fear
 j - a scroll of teleportation {unknown}
Potions
 f - a potion of haste


   Skills:
 + Level 4.2 Fighting
 + Level 3.5 Axes
 - Level 1.5 Dodging
 - Level 3.3 Stealth


You had 3 spell levels left.
You didn't know any spells.
Your spell library was empty.

Dungeon Overview and Level Annotations

Branches:
Dungeon (5/15)
 Temple: D:4-7

Altars:


Innate Abilities, Weirdness & Mutations

You are completely covered in rugged brown scales. (AC +3, +7% HP)
You have supernaturally acute eyesight. (SInv)
Armour fits poorly on your strangely shaped body.
You can roll at nearby foes to attack.
You have a long armoured tail.


Message History

You hit the orc.
You kill the orc!
You barely miss the orc wizard.
The orc wizard hits you but does no damage.
You hit the orc wizard.
The orc wizard is moderately wounded.
The orc wizard hits you with a +0 dagger.
You hit the orc wizard.
The orc wizard is heavily wounded.
The orc wizard points at you and mumbles some strange words.
The magic dart hits you! The orc wizard completely misses you.
You hit the orc wizard.
The orc wizard is severely wounded.
The orc wizard hits you with a +0 dagger.
You closely miss the orc wizard. You tail-slap the orc wizard.
You kill the orc wizard!
You have reached level 4!
You feel agile.
You start resting.
An orc priest opens the door.
It is wielding a +0 flail.
As you close the door, pushing everything out of the way, it creaks loudly!
The orc priest moves out of view.
You start resting.
An orc comes into view. It is wielding a +0 dagger.
You are too injured to fight recklessly!
Roll where?
Press: ? - help, Dir - move target, f - orc priest
Aim: an orc priest, wielding a +0 flail (wandering, hasn't noticed you)
You roll forward with a clatter of scales!
The orc shouts!
You hit the orc priest but do no damage.
You tail-slap the orc priest, but do no damage.
Your punch misses the orc priest.
You hear an angry hiss.
The orc priest mumbles some strange prayers to Beogh against you.
Pain shoots through your body!
* * * LOW HITPOINT WARNING * * *
You hit the orc priest but do no damage.
The orc priest hits you with a +0 flail!
You die...

....#..#...############
....#..##..#.....#....#
....+..##).#.....#....#
....#...#..#.....+....##
....#)..#..'.....#.....#
....#####..#.....##'####
....#..##..######......#
....#..........°#[.....#
####...........[@o.....#
#>..##..##...#).....#
#.########...#......#
#...'...'....#...o..#
##..#...######......#
#...#...#......###'##
#########......# .#
........# . ...$....#


You could see an orc priest and an orc.

Vanquished Creatures
  2 jellies (D:5)
  An orc wizard (D:5)
  2 orcs (D:5)
5 creatures vanquished.

Notes
Turn   | Place    | Note
-------+----------+-------------------------------------------
     0 | D:5      | oldriver the Palentonga Delver began the quest for the Orb.
     0 | D:5      | Reached XP level 1. HP: 19/19 MP: 1/1
    17 | D:5      | Noticed a jelly
    36 | D:5      | Noticed a jelly
   182 | D:5      | Killed a jelly
   183 | D:5      | Reached XP level 2. HP: 10/26 MP: 2/2
   183 | D:5      | Reached XP level 3. HP: 13/32 MP: 3/3
   402 | D:5      | Reached skill level 4 in Fighting
   708 | D:5      | Reached XP level 4. HP: 13/39 MP: 4/4
   747 | D:5      | Slain by an orc priest

Illustrated notes

Levels and vault maps discovered:
D:5:      layout_gridville, nicolae_shop_firing_range

Skill      XL: |  1  2  3 |
---------------+----------+-----
Fighting       | 4 |  4.2
Axes           | 3 |  3.5
Dodging        | |  1.5
Stealth        | |  3.3

Action                   |  1- 3 |  4- 6 || total
-------------------------+-------+-------++-------
Melee: Hand axe          |    15 |     2 ||    17
       Tailslap          |     5 |     1 ||     6
 Fire: Hunting sling     |     7 |       ||     7
 Abil: Rolling Charge    |     1 |     1 ||     2
Armor: Leather armour    |     2 |       ||     2
Dodge: Dodged            |     4 |       ||     4

Table legend: (Time is in decaauts)
 A = Elapsed time spent in this place.
 B = Non-inter-level travel time spent in this place.
 C = Inter-level travel time spent in this place.
 D = Time resting spent in this place.
 E = Time spent auto-exploring this place.
 F = Levels seen in this place.
 G = Mean time per level.
                   A        B        C        D        E       F      G
               +--------+--------+--------+--------+--------+-----+--------+
         Total |    750 |    722 |     28 |    480 |     91 |   1 |  750.0 |
       Dungeon |    750 |    722 |     28 |    480 |     91 |   1 |  750.0 |
               +--------+--------+--------+--------+--------+-----+--------+

Top non-repeatable levels by time:
     D:5: 750 daAuts
